 Dungeon Crawl Stone Soup version 0.20-a0-839-gdaf5c57 (webtiles) character file.

136 kidcy the Cudgeler (level 4, -14/37 HPs)
             Began as a Demonspawn Monk on Mar 8, 2017.
             Demolished by an orc warrior
             ... wielding a +0 scimitar
              (21 damage)
             ... on level 3 of the Dungeon.
             The game lasted 00:04:54 (2391 turns).

kidcy the Cudgeler (Demonspawn Monk)                Turns: 2391, Time: 00:04:55

Health: -14/37     AC:  6    Str: 12 (13) XL:     4   Next: 98%
Magic:  4/4        EV:  8    Int: 10 (11) God:
Gold:   144        SH:  0    Dex: 12 (15) Spells: 3/3 levels left

rFire    . . .     SeeInvis .   a - +1 mace
rCold    + . .     Gourm    .   h - +0 ring mail
rNeg     . . .     Faith    +   (no shield)
rPois    .         Spirit   .   (no helmet)
rElec    .         Reflect  .   (no cloak)
rCorr    .         Harm     .   p - +0 pair of gloves
MR       .....     Rnd*Tele +   (no boots)
Stlth    +.........             n - amulet of faith
Regen    0.2/turn               b - ring of teleportation (curse)
MPRegen  0.1/turn               i - -3 ring of evasion (curse)

@: no status effects
A: cold resistance 1, freezing cloud immunity
a: no special abilities


You were on level 3 of the Dungeon.
You were not hungry.

You visited 1 branch of the dungeon, and saw 3 of its levels.

You collected 144 gold pieces.

Inventory:

Hand Weapons
 a - a +1 mace (weapon)
Armour
 h - a +0 ring mail (worn)
 p - a +0 pair of gloves (worn)
Jewellery
 b - a cursed ring of teleportation (right hand)
 e - an uncursed ring of positive energy
 i - a cursed -3 ring of evasion (left hand)
 n - an amulet of faith (around neck)
 q - an uncursed amulet of regeneration
Scrolls
 k - 2 scrolls of fog
 l - 3 scrolls of identify
 m - 2 scrolls of teleportation
 o - 3 scrolls of random uselessness
Potions
 f - a potion of lignification
Comestibles
 c - a bread ration
 d - 4 meat rations
 g - 3 royal jellies
 j - 2 fruits


   Skills:
 + Level 3.8 Fighting
 * Level 4.2 Maces & Flails
 + Level 1.6 Armour
 - Level 2.6 Dodging
 - Level 1.7 Stealth


You had 3 spell levels left.
You didn't know any spells.

Dungeon Overview and Level Annotations

Branches:
Dungeon (3/15)

Altars:


Innate Abilities, Weirdness & Mutations

Your flesh is cold resistant. (rC+)
You are immune to freezing clouds.


Message History

p - a pair of gloves Wear which item (? for menu, Esc to quit)
You start putting on your armour.
You continue putting on your pair of gloves. x4
You finish putting on your +0 pair of gloves.
Found a chain mail.
m - 2 scrolls of teleportation (gained 1)
The orc warrior shouts!
You hear a shout! x2
The orc warrior hits you with a scimitar!
You hit the orc warrior but do no damage.
The orc warrior hits you with a scimitar!
Your ring mail prevents you from hitting the orc warrior.
The orc warrior hits you with a scimitar!
* * * LOW HITPOINT WARNING * * *
You hit the orc warrior.
The orc warrior is lightly wounded.
You hear an angry hiss.
The orc warrior hits you with a scimitar!!
Ouch! That really hurt!
You die...

##...#.#†##.##.#.######.####
##.......###.##.#.# #.# #
##........# #.##.#.# #.####
#.........# #.##.#.# #..... #
#........####.##.#.# ###.####
####.#...........##.#.# #...#
.....##...#.######....####.#.####
###########.# ##.....##.........
###########.####@#........####.##
.[..........o..o###.......# .....
######†>######## #.#####...# .(..
# #..# ... .#.[.##..8 # #..# #...
.....###.8. ######).#.# ##..
####..#.#..( .....<....#
#..##.... ########### ##.##)).##
#..#..###


You could see an orc warrior and an orc wizard.

Vanquished Creatures
  A howler monkey zombie (D:3)
  4 adders
  An ooze (D:2)
  A worm (D:3)
  2 dart slugs (D:1)
  3 leopard geckos
  5 orcs (D:3)
  7 bats
  A giant cockroach (D:2)
  9 goblins
  9 hobgoblins
  7 kobolds
  10 frilled lizards
  10 rats
70 creatures vanquished.

Notes
Turn   | Place    | Note
-------+----------+-------------------------------------------
     0 | D:1      | kidcy the Demonspawn Monk began the quest for the Orb.
     0 | D:1      | Reached XP level 1. HP: 18/18 MP: 1/1
   196 | D:1      | Reached skill level 3 in Maces & Flails
   196 | D:1      | Gained mutation: Your flesh is cold resistant. (rC+) [demonic ancestry]
   196 | D:1      | Reached XP level 2. HP: 24/24 MP: 2/2
   512 | D:1      | Reached skill level 1 in Armour
   994 | D:2      | Gained mutation: You are immune to freezing clouds. [demonic ancestry]
   994 | D:2      | Reached XP level 3. HP: 29/29 MP: 3/3
  1690 | D:2      | Reached XP level 4. HP: 31/36 MP: 4/4
  2004 | D:3      | Noticed an orc warrior
  2016 | D:3      | Reached skill level 4 in Maces & Flails
  2391 | D:3      | Demolished by an orc warrior

Vault maps used:
D:1:      lemuel_arrival_muddy, minmay_misc_feat_four_crosses,
          kennysheep_decorative_pillar
D:3:      minmay_strange_pillars, guppyfry_early_orc_mine

Skill      XL: |  1  2  3  4 |
---------------+-------------+-----
Maces & Flails | 3 4 |  4.2
Armour         | 1 |  1.6
Fighting       | |  3.8
Dodging        | |  2.6
Stealth        | |  1.7

Action                   |  1- 3 |  4- 6 || total
-------------------------+-------+-------++-------
Melee: Mace              |   112 |   112 ||   224
  Use: Scroll            |     8 |     3 ||    11
       Potion            |       |     3 ||     3
 Stab: Sleeping          |     2 |       ||     2
       Distracted        |       |     1 ||     1
  Eat: Chunk             |     3 |     2 ||     5
Armor: Robe              |    17 |       ||    17
       Ring mail         |    28 |    67 ||    95
Dodge: Dodged            |    80 |    83 ||   163
